MLB
PITTSBURGH PIRATES @ PHILADELPHIA PHILLIES
04/11/2024
 
TOP OF THE 1ST
Pittsburgh Pirates batting - Pitching for Philadelphia Phillies : RHP Parker Markel
Pitching: RHP Parker Markel
Batting: RHB Rece Hinds 0-0: Ball
1-0: Ball
2-0: Swinging Strike
2-1: Swinging Strike
2-2: Strikes out swinging
Batting: LHB CJ Abrams 0-0: Ball
1-0: Fly out, F7 (Line Drive, 78D, EV 97.5 MPH)
Batting: RHB Stanford Samuels 0-0: Ball
1-0: Foul Ball, location: 2F
1-1: Swinging Strike
1-2: Ball
2-2: Foul Ball, location: 3SF
2-2: Ground out 4-3 (Groundball, 34D, EV 102.5 MPH)
Top of the 1st over - 0 runs, 0 hits, 0 errors, 0 left on base; Pittsburgh 0 - Philadelphia 0
BOTTOM OF THE 1ST
Philadelphia Phillies batting - Pitching for Pittsburgh Pirates : RHP Adam Kloffenstein
Pitching: RHP Adam Kloffenstein
Batting: RHB Charlie Harper 0-0: Foul Ball, location: 23F
0-1: Called Strike
0-2: Ball
1-2: Strikes out swinging
Batting: LHB Anthony Hale 0-0: Called Strike
0-1: Fly out, F6 (Flyball, 6D, EV 86.3 MPH)
Batting: RHB Ryobe Kamida 0-0: Ground out 6-3 (Groundball, 6, EV 86.3 MPH)
Bottom of the 1st over - 0 runs, 0 hits, 0 errors, 0 left on base; Pittsburgh 0 - Philadelphia 0
TOP OF THE 2ND
Pittsburgh Pirates batting - Pitching for Philadelphia Phillies : RHP Parker Markel
Batting: LHB Yordan Alvarez 0-0: Ball
1-0: Fly out, F7 (Line Drive, 7LM, EV 106.3 MPH)
Batting: SHB Michael Toglia 0-0: Swinging Strike
0-1: Foul Ball, location: 3F
0-2: Strikes out swinging
Batting: RHB Brayden Mack 0-0: Ball
1-0: Ground out 5-3 (Groundball, 56, EV 105.0 MPH)
Top of the 2nd over - 0 runs, 0 hits, 0 errors, 0 left on base; Pittsburgh 0 - Philadelphia 0
BOTTOM OF THE 2ND
Philadelphia Phillies batting - Pitching for Pittsburgh Pirates : RHP Adam Kloffenstein
Batting: RHB Andrew Vaughn 0-0: Ground out 3-1 (Groundball, 34, EV 88.8 MPH)
Batting: RHB Cameron Gundy 0-0: Ball
1-0: Called Strike
1-1: SOLO HOME RUN (Line Drive, 9LD, EV 96.9 MPH), Distance : 364 ft
Batting: RHB Miguel León 0-0: Called Strike
0-1: Ball
1-1: Fly out, F2 (Popup, 23F, EV 83.1 MPH)
Batting: RHB Luis Robert 0-0: Ball
1-0: Foul Ball, location: 25F
1-1: Ball
2-1: Fly out, F8 (Flyball, 8RS, EV 87.5 MPH)
Bottom of the 2nd over - 1 run, 1 hit, 0 errors, 0 left on base; Pittsburgh 0 - Philadelphia 1
TOP OF THE 3RD
Pittsburgh Pirates batting - Pitching for Philadelphia Phillies : RHP Parker Markel
Batting: LHB Dominic Fletcher 0-0: Called Strike
0-1: Fly out, F7 (Line Drive, 7, EV 93.8 MPH)
Batting: SHB Anthony Seigler 0-0: SINGLE (Line Drive, 8RS, EV 92.5 MPH)
Batting: LHB Andres Gimenez 0-0: Called Strike
0-1: Ball
1-1: Ball
2-1: Fly out, F6 (Popup, 6, EV 60.0 MPH)
Batting: RHB Rece Hinds 0-0: Called Strike
0-1: Ball
1-1: Ground out 6-3 (Groundball, 6S, EV 68.8 MPH)
Top of the 3rd over - 0 runs, 1 hit, 0 errors, 1 left on base; Pittsburgh 0 - Philadelphia 1
BOTTOM OF THE 3RD
Philadelphia Phillies batting - Pitching for Pittsburgh Pirates : RHP Adam Kloffenstein
Batting: LHB Cole Brannen 0-0: Called Strike
0-1: Ball
1-1: Ball
2-1: Ball
3-1: Foul Ball, location: 25F
3-2: Ground out U3 (Groundball, 3S, EV 85.6 MPH)
Batting: RHB J.J. Schwarz 0-0: Ball
1-0: Ball
2-0: Ball
3-0: Called Strike
3-1: Called Strike
3-2: Fly out, F3 (Popup, 3SF, EV 78.8 MPH)
Batting: RHB Charlie Harper 0-0: Ground out 5-3 (Groundball, 56, EV 101.3 MPH)
Bottom of the 3rd over - 0 runs, 0 hits, 0 errors, 0 left on base; Pittsburgh 0 - Philadelphia 1
TOP OF THE 4TH
Pittsburgh Pirates batting - Pitching for Philadelphia Phillies : RHP Parker Markel
Batting: LHB CJ Abrams 0-0: Ball
1-0: Called Strike
1-1: Ball
2-1: Fly out, F8 (Flyball, 78M, EV 81.3 MPH)
Batting: RHB Stanford Samuels 0-0: Called Strike
0-1: Called Strike
0-2: Ground out 5-3 (Groundball, 56, EV 82.5 MPH)
Batting: LHB Yordan Alvarez 0-0: SINGLE (Line Drive, 34, EV 97.5 MPH)
Batting: SHB Michael Toglia 0-0: Called Strike
0-1: Ball
1-1: Swinging Strike
1-2: Foul Ball, location: 7LSF
1-2: Foul Ball, location: 3FF
1-2: Strikes out looking
Top of the 4th over - 0 runs, 1 hit, 0 errors, 1 left on base; Pittsburgh 0 - Philadelphia 1
BOTTOM OF THE 4TH
Philadelphia Phillies batting - Pitching for Pittsburgh Pirates : RHP Adam Kloffenstein
Batting: LHB Anthony Hale 0-0: Swinging Strike
0-1: Swinging Strike
0-2: Ball
1-2: Foul Ball, location: 5FF
1-2: Strikes out swinging, 2-3 out at first.
Batting: RHB Ryobe Kamida 0-0: Swinging Strike
0-1: Ground out 5-3 (Groundball, 5, EV 77.5 MPH)
Batting: RHB Andrew Vaughn 0-0: Ball
1-0: Foul Ball, location: 3F
1-1: Foul Ball, location: 7LMFF
1-2: Ball
2-2: Foul Ball, location: 5FF
2-2: SINGLE (Groundball, 6MD, EV 106.9 MPH)
Batting: RHB Cameron Gundy 0-0: Ball
1-0: Foul Ball, location: 23F
1-1: Foul Ball, location: 2F
1-2: Ball
2-2: 2-RUN HOME RUN (Flyball, 7D, EV 97.5 MPH), Distance : 367 ft
Batting: RHB Miguel León 0-0: Foul Ball, location: 9LSF
0-1: Fly out, F9 (Flyball, 9S, EV 89.4 MPH)
Bottom of the 4th over - 2 runs, 2 hits, 0 errors, 0 left on base; Pittsburgh 0 - Philadelphia 3
TOP OF THE 5TH
Pittsburgh Pirates batting - Pitching for Philadelphia Phillies : RHP Parker Markel
Batting: RHB Brayden Mack 0-0: Called Strike
0-1: Ball
1-1: Ball
2-1: Called Strike
2-2: Ball
3-2: Fly out, F7 (Flyball, 7, EV 80.0 MPH)
Pitching: RHP Bo Schneider
Batting: LHB Dominic Fletcher 0-0: Foul Ball, location: 3F
0-1: Ball
1-1: SINGLE (Line Drive, 78S, EV 97.5 MPH)
Batting: SHB Anthony Seigler 0-0: Foul Ball, location: 7LMF
0-1: Called Strike
0-2: DOUBLE (Groundball, 5L, EV 98.1 MPH)
Dominic Fletcher to third
Batting: LHB Andres Gimenez 0-0: Called Strike
0-1: Swinging Strike
0-2: SINGLE (Line Drive, 6M, EV 95.0 MPH)
Dominic Fletcher scores
Anthony Seigler to third
Batting: RHB Rece Hinds 0-0: Fly out, F8 (Line Drive, 78S, EV 84.4 MPH)
Batting: LHB CJ Abrams 0-0: Foul Ball, location: 7LDF
0-1: Foul Ball, location: 5F
0-2: Ball
1-2: Foul Ball, location: 2F
1-2: Strikes out swinging
Top of the 5th over - 1 run, 3 hits, 0 errors, 2 left on base; Pittsburgh 1 - Philadelphia 3
BOTTOM OF THE 5TH
Philadelphia Phillies batting - Pitching for Pittsburgh Pirates : RHP Adam Kloffenstein
Batting: RHB Luis Robert 0-0: Swinging Strike
0-1: Swinging Strike
0-2: Strikes out looking
Batting: LHB Cole Brannen 0-0: Swinging Strike
0-1: Ball
1-1: Ball
2-1: Foul Ball, location: 9LSF
2-2: Foul Ball, location: 2F
2-2: SOLO HOME RUN (Flyball, 9LD, EV 97.5 MPH), Distance : 350 ft
Batting: RHB J.J. Schwarz 0-0: Ball
1-0: Swinging Strike
1-1: Swinging Strike
1-2: Ball
2-2: Strikes out swinging
Batting: RHB Charlie Harper 0-0: Swinging Strike
0-1: Called Strike
0-2: Ball
1-2: Ball
2-2: Ball
3-2: Ground out 6-3 (Groundball, 6, EV 89.4 MPH)
Bottom of the 5th over - 1 run, 1 hit, 0 errors, 0 left on base; Pittsburgh 1 - Philadelphia 4
TOP OF THE 6TH
Pittsburgh Pirates batting - Pitching for Philadelphia Phillies : RHP Bo Schneider
Batting: RHB Stanford Samuels 0-0: Ball
1-0: Ball
2-0: Ball
3-0: Called Strike
3-1: Ground out 3-1 (Groundball, 34S, EV 86.9 MPH)
Batting: LHB Yordan Alvarez 0-0: Ball
1-0: Ball
2-0: Called Strike
2-1: SOLO HOME RUN (Flyball, 78XD, EV 103.8 MPH), Distance : 419 ft
Pitching: LHP Gabriel Flores
Batting: SHB Michael Toglia 0-0: Ball
1-0: Called Strike
1-1: Foul Ball, location: 3SF
1-2: Ground out 5-3 (Groundball, 5, EV 83.1 MPH)
Batting: RHB Brayden Mack 0-0: Called Strike
0-1: Ball
1-1: Called Strike
1-2: Ball
2-2: Strikes out swinging
Top of the 6th over - 1 run, 1 hit, 0 errors, 0 left on base; Pittsburgh 2 - Philadelphia 4
BOTTOM OF THE 6TH
Philadelphia Phillies batting - Pitching for Pittsburgh Pirates : RHP Adam Kloffenstein
Batting: LHB Anthony Hale 0-0: Foul Ball, location: 2F
0-1: Ball
1-1: Swinging Strike
1-2: Reached on error, E5 (Groundball, 5, EV 92.5 MPH)
Pitching: LHP Jonah Ryan
Batting: RHB Ryobe Kamida 0-0: Foul Ball, location: 2F
0-1: Ball
1-1: Foul Ball, location: 2F
1-2: Ball
2-2: Strikes out looking
Batting: RHB Andrew Vaughn 0-0: Foul Ball, location: 3F
0-1: Ball
1-1: Foul Ball, location: 9LMF
1-2: Ball
2-2: Fly out, F7 (Flyball, 78M, EV 82.5 MPH)
Batting: RHB Cameron Gundy 0-0: Ball
1-0: Called Strike
1-1: Ball
2-1: Foul Ball, location: 5F
2-2: Foul Ball, location: 2F
2-2: Ball
3-2: Foul Ball, location: 2F
3-2: Base on Balls
Anthony Hale to second
Batting: RHB Miguel León 0-0: Called Strike
0-1: Called Strike
0-2: Foul Ball, location: 2F
0-2: SINGLE (Groundball, 56D, EV 101.3 MPH)
Anthony Hale to third
Cameron Gundy to second
Runner from 3rd tries for Home, SAFE, throw by LF to home
Pitching: RHP Hudson Helton
Batting: RHB Luis Robert 0-0: Ball
1-0: Foul Ball, location: 2F
1-1: Fielders Choice at 2nd, 6-4 (Groundball, 6MD, EV 101.3 MPH)
Bottom of the 6th over - 1 run, 1 hit, 1 error, 2 left on base; Pittsburgh 2 - Philadelphia 5
TOP OF THE 7TH
Pittsburgh Pirates batting - Pitching for Philadelphia Phillies : LHP Gabriel Flores
Batting: LHB Dominic Fletcher 0-0: Ball
1-0: Called Strike
1-1: Swinging Strike
1-2: Strikes out looking
Batting: SHB Anthony Seigler 0-0: Ball
1-0: Foul Ball, location: 9LMF
1-1: Swinging Strike
1-2: Ball
2-2: Strikes out swinging
Batting: LHB Andres Gimenez 0-0: Ball
1-0: Swinging Strike
1-1: Ball
2-1: Foul Ball, location: 7LSF
2-2: SINGLE (Line Drive, 9S, EV 92.5 MPH)
Pitching: RHP Damon Edwards
Batting: RHB Rece Hinds 0-0: Foul Ball, location: 2F
0-1: Ball
1-1: Ball
2-1: Ball
3-1: Base on Balls
Andres Gimenez to second
Batting: LHB CJ Abrams 0-0: Called Strike
0-1: Swinging Strike
0-2: Ground out 6-3 (Groundball, 6M, EV 103.8 MPH)
Top of the 7th over - 0 runs, 1 hit, 0 errors, 2 left on base; Pittsburgh 2 - Philadelphia 5
BOTTOM OF THE 7TH
Philadelphia Phillies batting - Pitching for Pittsburgh Pirates : RHP Hudson Helton
Batting: LHB Cole Brannen 0-0: Foul Ball, location: 5F
0-1: Ball
1-1: Foul Ball, location: 7LMF
1-2: Ball
2-2: Strikes out looking
Batting: RHB J.J. Schwarz 0-0: Called Strike
0-1: Ground out 6-3 (Groundball, 56D, EV 89.4 MPH)
Batting: RHB Charlie Harper 0-0: Swinging Strike
0-1: Ground out U3 (Groundball, 13, EV 80.0 MPH)
Bottom of the 7th over - 0 runs, 0 hits, 0 errors, 0 left on base; Pittsburgh 2 - Philadelphia 5
TOP OF THE 8TH
Pittsburgh Pirates batting - Pitching for Philadelphia Phillies : RHP Damon Edwards
Batting: RHB Stanford Samuels 0-0: Ball
1-0: Ball
2-0: Ball
3-0: Called Strike
3-1: Base on Balls
Batting: LHB Yordan Alvarez 0-0: Called Strike
0-1: Ball
1-1: Ground out 4-3 (Groundball, 4, EV 65.0 MPH)
Stanford Samuels to second
Batting: SHB Michael Toglia 0-0: Called Strike
0-1: Ball
1-1: Foul Ball, location: 2F
1-2: 2-RUN HOME RUN (Flyball, 78XD, EV 97.5 MPH), Distance : 401 ft
Batting: RHB Brayden Mack 0-0: Ball
1-0: Ball
2-0: Called Strike
2-1: Swinging Strike
2-2: Strikes out swinging
Batting: LHB Dominic Fletcher 0-0: Ball
1-0: Ball
2-0: Ball
3-0: Base on Balls
Pitching: RHP Juan Ibarra
Batting: SHB Anthony Seigler 0-0: Called Strike
0-1: Swinging Strike
0-2: Ball
1-2: Ground out 2-3 (Groundball, 2L, EV 68.8 MPH)
Top of the 8th over - 2 runs, 1 hit, 0 errors, 1 left on base; Pittsburgh 4 - Philadelphia 5
BOTTOM OF THE 8TH
Philadelphia Phillies batting - Pitching for Pittsburgh Pirates : RHP Hudson Helton
Pitching: RHP Bill Brown
Batting: LHB Anthony Hale 0-0: Foul Ball, location: 7LDF
0-1: Ball
1-1: Swinging Strike
1-2: Ball
2-2: Ball
3-2: SINGLE (Line Drive, 6M, EV 110.0 MPH)
Batting: RHB Ryobe Kamida 0-0: Called Strike
0-1: Ball
1-1: Ball
2-1: SINGLE (Line Drive, 78M, EV 101.9 MPH)
Anthony Hale to second
Batting: RHB Andrew Vaughn 0-0: Ball
1-0: SINGLE (Groundball, 3D, EV 104.4 MPH)
Anthony Hale to third
Ryobe Kamida to second
Runner from 3rd tries for Home, SAFE, throw by RF to home
Batting: RHB Cameron Gundy 0-0: Ball
1-0: Ball
2-0: Ball
3-0: Base on Balls
Ryobe Kamida to third
Andrew Vaughn to second
Batting: RHB Miguel León 0-0: Called Strike
0-1: Grounds into fielders choice 6-2 (Groundball, 6, EV 102.5 MPH)
Andrew Vaughn to third
Cameron Gundy to second
Batting: RHB Luis Robert 0-0: Ball
1-0: SINGLE (Line Drive, 6M, EV 95.0 MPH)
Andrew Vaughn scores
Cameron Gundy to third
Miguel León to second
Runner from 3rd tries for Home, SAFE, throw by CF to home
Batting: LHB Cole Brannen 0-0: Ball
1-0: Called Strike
1-1: Foul Ball, location: 7LSF
1-2: Strikes out swinging
Pitching: LHP Cody Chapman
Batting: RHB J.J. Schwarz 0-0: Ball
1-0: Ball
2-0: Ball
3-0: Base on Balls
Miguel León to third
Luis Robert to second
Batting: RHB Charlie Harper 0-0: Ball
1-0: Ground out 5-3 (Groundball, 15, EV 85.6 MPH)
Bottom of the 8th over - 3 runs, 4 hits, 0 errors, 3 left on base; Pittsburgh 4 - Philadelphia 8
TOP OF THE 9TH
Pittsburgh Pirates batting - Pitching for Philadelphia Phillies : RHP Juan Ibarra
Pitching: RHP Orlando García
Batting: LHB Andres Gimenez 0-0: Ball
1-0: Called Strike
1-1: Called Strike
1-2: Strikes out looking
Batting: RHB Rece Hinds 0-0: Ball
1-0: Foul Ball, location: 25F
1-1: Called Strike
1-2: Foul Ball, location: 9LDF
1-2: Fly out, F9 (Flyball, 89S, EV 78.1 MPH)
Batting: LHB CJ Abrams 0-0: Called Strike
0-1: Called Strike
0-2: Foul Ball, location: 9LDF
0-2: Ball
1-2: Ball
2-2: Strikes out swinging
Top of the 9th over - 0 runs, 0 hits, 0 errors, 0 left on base; Pittsburgh 4 - Philadelphia 8
Saturday, April 20th , 2024 - OOTP Baseball 24.11 Build 85